 Dungeon Crawl Stone Soup version 0.30-a0-800-g7c544603b3 (webtiles) character file.

Game seed: 13897771270614062102

10928 2FriedEggs the Zephyrmancer (level 11, 74/74 HPs)
             Began as a Demigod Air Elementalist on Feb 9, 2023.
             Quit the game on level 10 of the Dungeon on Feb 21, 2023.
             The game lasted 00:39:03 (15005 turns).

2FriedEggs the Zephyrmancer (DgAE)                 Turns: 15005, Time: 00:39:04

Health: 74/74      AC: 13    Str:  9    XL:     11   Next: 19%
Magic:  22/22      EV: 11    Int: 29    God:
Gold:   442        SH:  0    Dex: 14    Spells: 3/20 levels left

rFire   + . .      SeeInvis +    s - staff of conjuration
rCold   . . .      Faith    .    (no shield)
rNeg    . . .      Spirit   .    n - +3 leather armour
rPois   .          Reflect  .    (no helmet)
rElec   .          Harm     .    t - +2 cloak
rCorr   +          Rampage  .    G - +0 pair of gloves
Will    +....                    z - +2 pair of boots {Stlth+}
Stlth   +++                      (no amulet)
HPRegen 0.32/turn                w - ring of protection from fire
MPRegen 0.18/turn                q - ring of Mirth {rCorr SInv}

@: no status effects
A: high MP 1, forlorn, divine attributes
a: no special abilities


You were on level 10 of the Dungeon.
You visited 1 branch of the dungeon, and saw 10 of its levels.

You collected 512 gold pieces.
You spent 70 gold pieces at shops.

Inventory:

Hand Weapons
 c - a +0 short sword
Armour
 n - a +3 leather armour (worn)
 t - a +2 cloak (worn)
 x - a +2 buckler
 z - a +2 pair of boots of stealth (worn)
 G - a +0 pair of gloves (worn)
Magical Staves
 s - a staff of conjuration (weapon)
Jewellery
 f - a +6 ring of strength
 q - the ring of Mirth (right hand) {rCorr SInv}
   (You took it off a kobold on level 4 of the Dungeon)

   [ring of resist corrosion]

   SInv:      It lets you see invisible.
   rCorr:     It protects you from acid and corrosion.
 w - a ring of protection from fire (left hand)
 D - a ring of fire
Wands
 p - a wand of mindburst (17)
 u - a wand of acid (9)
Scrolls
 d - 2 scrolls of amnesia
 e - 2 scrolls of summoning
 h - 7 scrolls of teleportation
 j - 2 scrolls of fear
 m - 2 scrolls of blinking {unknown}
 o - 2 scrolls of enchant armour
 v - 2 scrolls of brand weapon {unknown}
 y - 2 scrolls of noise {unknown}
 E - 2 scrolls of poison {unknown}
 F - 4 scrolls of identify
 H - a scroll of silence {unknown}
 J - a scroll of fog {unknown}
Potions
 a - 2 potions of brilliance {unknown}
 b - 2 potions of magic
 g - 7 potions of curing
 i - 3 potions of flight {unknown}
 k - 4 potions of heal wounds
 l - a potion of berserk rage {unknown}
 r - 5 potions of haste
 A - 2 potions of attraction {unknown}
 B - 2 potions of lignification {unknown}
 C - 2 potions of degeneration {unknown}
 I - a potion of mutation {unknown}
 K - 6 potions of ambrosia


   Skills:
 - Level 1.7 Dodging
 - Level 1.7 Stealth
 - Level 5.0 Spellcasting
 * Level 11.3 Conjurations
 * Level 11.6 Air Magic


You had 3 spell levels left.
You knew the following spells:

 Your Spells              Type           Power      Damage    Failure   Level
a - Shock                 Conj/Air       100%       1d9       1%          1
b - Static Discharge      Conj/Air       100%       2-7/arc   1%          2
c - Airstrike             Air            32%        2d(5-21)  1%          4
d - Arcjolt               Conj/Air       42%        1d52      2%          5
e - Lightning Bolt        Conj/Air       42%        1d61      2%          5

Your spell library contained the following spells:

 Spells                   Type           Power      Damage    Failure   Level
 Magic Dart               Conj           100%       1d8       1%          1
 Searing Ray              Conj           100%       2d8       1%          2
 Swiftness                Air            65%        N/A       1%          3
 Vhi's Electric Charge    Tloc/Air       82%        N/A       2%          3
 Sublimation of Blood     Necr           7%         N/A       13%         2
 Wereblood                Tmut           7%         N/A       13%         2
 Gell's Gravitas          Tloc           7%         N/A       26%         3
 Ozocubu's Armour         Ice            7%         N/A       26%         3
 Teleport Other           Tloc           7%         N/A       26%         3
 Fulminant Prism          Conj/Hex       28%        3d14      9%          4
 Dispersal                Tloc           3%         N/A       100%        6
 Ozocubu's Refrigeration  Ice            3%         4d8       100%        7
 Summon Hydra             Summ           3%         N/A       100%        7


Dungeon Overview and Level Annotations

Branches:
Dungeon (10/15)            Temple (0/1) D:4
   Lair: D:8-11         Orc: D:9-12

Shops:
D:2 ?=[   D:7 :

Annotations:
D:8 Pikel


Innate Abilities, Weirdness & Mutations

You have an increased reservoir of magic. (+10% MP)
You shall have no god before yourself.
Your divine heritage dramatically boosts your attributes as you level up.


Message History

Unknown command.
Casting: Arcjolt (dangerous; 2% risk of failure)
Confirm with . or Enter, or press ? or * to list all spells.
You feel a surge of power!
Electricity surges outward!
You kill the killer bee!
You feel sick.
You hear a shout!
You start resting.
You feel sick. x4
A kobold comes into view. It is wielding a +0 club.
A kobold is nearby!
A kobold is nearby!
You feel sick.
You are no longer poisoned.
You see here a +0 scale mail.
A kobold is nearby!
A kobold is nearby!
A kobold is nearby!
Casting: Arcjolt (dangerous; 2% risk of failure)
Confirm with . or Enter, or press ? or * to list all spells.
Aiming: Shock (safe; 1% risk of failure)
Press: ? - help, Shift-Dir - straight line, f - kobold
Aim: a kobold, wielding a +0 club (67% to hit)
You feel a surge of power!
The zap hits the kobold.
You kill the kobold!
Casting: Shock (safe; 1% risk of failure)
Confirm with . or Enter, or press ? or * to list all spells.
You can't see any susceptible monsters within range! (Use Z to cast anyway.)
Casting: Shock (safe; 1% risk of failure)
Confirm with . or Enter, or press ? or * to list all spells.
You can't see any susceptible monsters within range! (Use Z to cast anyway.)
Casting: Shock (safe; 1% risk of failure)
Confirm with . or Enter, or press ? or * to list all spells.
You can't see any susceptible monsters within range! (Use Z to cast anyway.)
You start resting.
Magic restored.
You start resting.
HP restored.
Welcome back, 2FriedEggs the Demigod Air Elementalist.
Press ? for a list of commands and other information.
Are you sure you want to abandon this character and quit the game? (Confirm with "yes".)

##..###.........#
##..## #..........
##..## ##.........
###..## ##........
###....####
##.......
###......#..###
##......
###...#.........##
##.....
##...##...........##
###...
#..#####...@.......#
##.. ####
#...........# ###
#...........#
##........###
#.......## ##...#).#
######.## ##.## #..#


There were no monsters in sight!

Vanquished Creatures
  Urug (D:10)
  A cyclops (D:8)
  Maggie (D:9)
  Psyche (D:8)
  A kobold demonologist (D:9)
  A troll (D:7)
  A queen bee (D:9)
  Grinder (D:5)
  A wyvern (D:8)
  18 yaks
  A steam dragon (D:7)
  Grum (D:8)
  A water moccasin (D:6)
  2 sky beasts (D:6)
  A black bear (D:4)
  An orc warrior (D:9)
  An ice beast (D:5)
  5 ogres
  2 centaurs
  4 wolves
  3 phantoms
  4 lemures (D:8)
  Blork the orc (D:5)
  3 kobold brigands
  A bullfrog (D:7)
  3 scorpions
  A gnoll sergeant (D:6)
  6 wights
  43 killer bees
  2 howler monkeys
  8 orc priests
  4 hounds
  Ijyb (D:5)
  6 iguanas
  9 orc wizards
  4 adders
  5 gnolls
  A white imp (D:6)
  4 ufetubi
  A worm (D:2)
  2 dart slugs
  28 orcs
  13 ball pythons
  7 bats
  7 endoplasms
  4 giant cockroaches
  6 goblins
  7 hobgoblins
  4 jackals (D:1)
  27 kobolds
  5 quokkas
  A frilled lizard (D:2)
  11 rats
278 creatures vanquished.

Notes
Turn   | Place    | Note
-------+----------+-------------------------------------------
     0 | D:1      | 2FriedEggs the Demigod Air Elementalist began the quest for
                  | the Orb.
     0 | D:1      | Reached XP level 1. HP: 14/14 MP: 5/5
   271 | D:1      | Reached XP level 2. HP: 20/20 MP: 2/8
   423 | D:1      | You fall into a shaft and drop 1 floor!
   437 | D:2      | Found Xusant's Jewellery Boutique.
   471 | D:2      | Found Onyemoh's Armour Shop.
  1412 | D:2      | Reached XP level 3. HP: 19/26 MP: 0/10
  1749 | D:2      | Found Juduethro's Book Shop.
  1847 | D:2      | Found Qeihol's Magic Scroll Boutique.
  1856 | D:2      | Learned a level 2 spell: Static Discharge
  1865 | D:2      | Bought a scroll of teleportation for 42 gold pieces
  1865 | D:2      | Bought a scroll of identify for 28 gold pieces
  2449 | D:3      | Reached XP level 4. HP: 33/33 MP: 6/12
  3957 | D:4      | Noticed a phantom
  4003 | D:4      | Killed a phantom
  4004 | D:4      | Reached XP level 5. HP: 29/38 MP: 1/15
  4248 | D:4      | Reached skill level 5 in Spellcasting
  4272 | D:4      | Learned a level 5 spell: Arcjolt
  4346 | D:4      | Reached skill level 1 in Conjurations
  4351 | D:4      | Identified the ring of Mirth {rCorr SInv}
  4825 | D:4      | Found a staircase to the Ecumenical Temple.
  4848 | D:4      | Noticed a black bear
  4916 | D:4      | Killed a black bear
  4917 | D:4      | Reached XP level 6. HP: 25/45 MP: 5/16
  5401 | D:4      | Reached XP level 7. HP: 40/50 MP: 7/17
  5751 | D:5      | Entered Level 5 of the Dungeon
  5751 | D:5      | Noticed Blork the orc
  5923 | D:5      | Noticed Grinder
  6009 | D:5      | Reached skill level 5 in Air Magic
  6140 | D:5      | Paralysed by Grinder for 5 turns
  6172 | D:5      | Killed Grinder
  6358 | D:5      | Reached skill level 5 in Conjurations
  6432 | D:5      | Noticed Ijyb
  6442 | D:5      | Killed Ijyb
  6443 | D:5      | Reached XP level 8. HP: 29/57 MP: 7/19
  6580 | D:5      | Killed Blork the orc
  8232 | D:5      | Learned a level 4 spell: Airstrike
  9013 | D:6      | Reached XP level 9. HP: 57/62 MP: 4/20
 10220 | D:7      | Found Nasixaen's Book Shoppe.
 10519 | D:7      | Learned a level 5 spell: Lightning Bolt
 10750 | D:8      | Noticed Grum
 10873 | D:8      | Killed Grum
 11006 | D:8      | Noticed Pikel
 11123 | D:7      | Upgraded the game from 0.30-a0-757-ga6a79fd877 to
                  | 0.30-a0-760-g5a9884bb7c
 11239 | D:8      | Noticed Psyche
 11241 | D:8      | Killed Psyche
 11242 | D:8      | Reached XP level 10. HP: 69/69 MP: 15/21
 11260 | D:8      | Noticed a cyclops
 11264 | D:8      | Killed a cyclops
 11568 | D:8      | Reached skill level 10 in Air Magic
 12659 | D:9      | Reached skill level 10 in Conjurations
 13341 | D:9      | Noticed Maggie
 13458 | D:9      | Killed Maggie
 13689 | D:9      | Reached XP level 11. HP: 74/74 MP: 16/22
 14515 | D:10     | Entered Level 10 of the Dungeon
 14515 | D:10     | Noticed Urug
 14631 | D:10     | Killed Urug
 15005 | D:10     | Upgraded the game from 0.30-a0-760-g5a9884bb7c to
                  | 0.30-a0-800-g7c544603b3
 15005 | D:10     | Quit the game

Illustrated notes

Levels and vault maps discovered:
D:1:      lemuel_arrival_broad_hall, layout_loops_corners,
          shapermc_ecumenical_altar_pompeii
D:2:      layout_rooms, basic_altar, serial_shops, shop, shop,
          nicolae_shop_behind_doors, nicolae_shop_trees, minmay_quadrilaterals
D:3:      layout_loops_corners, zin_treasury, lemuel_tele_altar
D:4:      layout_loops_cross, minmay_temple_entry_junction_2
D:5:      layout_cave_pools, grunt_gozag_statues, mainiacjoe_overflow_24_doors,
          uniq_ijyb, uniq_blork_the_orc, uniq_grinder
D:6:      layout_gridville, general_overflow_altar,
          mainiacjoe_overflow_boulevard, nrook_mini_vaults, minmay_puff
D:7:      layout_rooms, tso_altar, overflow_temple_1_default, serial_shops, shop
D:8:      layout_loops_ring, lemuel_round_altar, uniq_psyche, uniq_grum,
          uniq_pikel
D:9:      layout_roguey [special_room_bee], mainiacjoe_overflow_brackets,
          uniq_maggie
D:10:     layout_cave_pods, grunt_temple_overflow_diamond, uniq_urug,
          uniq_josephine

Skill      XL: |  1  2  3  4  5  6  7  8  9 10 11 |
---------------+----------------------------------+-----
Spellcasting   | 2 3 4 5 |  5.0
Conjurations   | 2 3 5 7 9 10 11 | 11.3
Air Magic      | 3 4 5 7 9 11 | 11.6
Dodging        | |  1.7
Stealth        | |  1.7

Action                     |  1- 3 |  4- 6 |  7- 9 | 10-12 || total
---------------------------+-------+-------+-------+-------++-------
  Melee: Unarmed           |     7 |       |       |       ||     7
         Short sword       |    32 |    10 |     8 |     8 ||    58
         Staff             |       |       |    21 |    30 ||    51
   Cast: Shock             |   114 |   101 |   165 |    56 ||   436
         Static Discharge  |       |    26 |    25 |    11 ||    62
         Airstrike         |       |       |     9 |       ||     9
         Arcjolt           |       |       |    39 |    22 ||    61
         Lightning Bolt    |       |       |     5 |    20 ||    25
  Evoke: Wand              |       |       |     1 |       ||     1
    Use: Scroll            |     2 |     2 |     2 |     1 ||     7
         Potion            |       |       |     2 |     1 ||     3
   Stab: Distracted        |     1 |       |       |       ||     1
 Armour: Robe              |    17 |       |       |       ||    17
         Leather armour    |     2 |    35 |    58 |    51 ||   146
  Dodge: Dodged            |    52 |    23 |    97 |    86 ||   258

Table legend: (Time is in decaauts)
 A = Elapsed time spent in this place.
 B = Non-inter-level travel time spent in this place.
 C = Inter-level travel time spent in this place.
 D = Time resting spent in this place.
 E = Time spent auto-exploring this place.
 F = Levels seen in this place.
 G = Mean time per level.
                   A        B        C        D        E       F      G
               +--------+--------+--------+--------+--------+-----+--------+
         Total |  15024 |  14567 |    457 |   5173 |   7082 |  10 | 1502.4 |
       Dungeon |  15024 |  14567 |    457 |   5173 |   7082 |  10 | 1502.4 |
               +--------+--------+--------+--------+--------+-----+--------+

Top non-repeatable levels by time:
     D:6: 2493 daAuts
     D:4: 2175 daAuts
     D:9: 2036 daAuts
     D:1: 1408 daAuts
     D:5: 1385 daAuts
     D:8: 1372 daAuts
     D:3: 1371 daAuts
     D:7: 1362 daAuts
     D:2: 1035 daAuts
    D:10: 383 daAuts
